 Dungeon Crawl Stone Soup version 0.30.1-3-gfc49f6343a (webtiles) character file.

Game seed: 4411111728931373537

4658 spardeous the Thaumaturge (level 10, -3/69 HPs)
             Began as a Demigod Conjurer on July 29, 2023.
             Slain by a wyvern (17 damage)
             ... on level 8 of the Dungeon.
             The game lasted 00:16:01 (9719 turns).

spardeous the Thaumaturge (Demigod Conjurer)        Turns: 9719, Time: 00:16:02

Health: -3/69      AC:  7    Str:  5    XL:     10   Next: 1%
Magic:  0/37       EV: 16    Int: 32    God:
Gold:   277        SH:  0    Dex: 12    Spells: 22/29 levels left

rFire   + . .        l - +3 spear
rCold   . . .        (no shield)
rNeg    . . .        J - +1 leather armour of the Wary Stories {rF+ Will++ Str-3 Stlth+}
rPois   .            C - +0 helmet
rElec   .            L - +0 cloak
rCorr   .            (no gloves)
SInv    .            I - +0 pair of boots
Will    +++..        (no amulet)
Stlth   +++          j - ring of magical power
HPRegen 0.31/turn    H - +5 ring of evasion
MPRegen 0.25/turn

%: no passive effects
@: no status effects
A: high MP 1, forlorn, divine attributes
a: no special abilities


You were on level 8 of the Dungeon.
You visited 1 branch of the dungeon, and saw 8 of its levels.

You collected 357 gold pieces.
You spent 80 gold pieces at shops.

Inventory:

Hand Weapons
 l - a +3 spear (weapon)
Missiles
 F - a throwing net
Armour
 y - a +1 hat
 C - a +0 helmet (worn)
 I - a +0 pair of boots (worn)
 J - the +1 leather armour of the Wary Stories (worn) {rF+ Will++ Str-3 Stlth+}
   (You found it on level 7 of the Dungeon)

   Str:       It affects your strength (-3).
   rF:        It protects you from fire.
   Will:      It greatly increases your willpower.
   Stlth:     It makes you more stealthy.
 L - a +0 cloak (worn)
Magical Staves
 D - a staff of earth
Jewellery
 j - a ring of magical power (left hand)
 H - a +5 ring of evasion (right hand)
Wands
 t - a wand of flame (36)
 v - a wand of paralysis (17)
 x - a wand of light (16)
 K - a wand of digging (6)
 N - a wand of roots (6)
Scrolls
 a - 4 scrolls of enchant weapon
 c - 2 scrolls of noise {unknown}
 d - a scroll of blinking
 e - a scroll of magic mapping {unknown}
 f - 3 scrolls of poison {unknown}
 n - 4 scrolls of teleportation
 o - a scroll of fog
 s - 2 scrolls of fear {unknown}
 u - a scroll of amnesia {unknown}
 w - 2 scrolls of enchant armour {unknown}
 E - 2 scrolls of summoning {unknown}
 M - a scroll of identify
 O - a scroll of vulnerability {unknown}
Potions
 b - a potion of magic
 g - a potion of mutation {unknown}
 h - 5 potions of curing
 i - 3 potions of heal wounds
 k - 3 potions of attraction {unknown}
 m - a potion of lignification
 p - 2 potions of haste
 q - 3 potions of might {unknown}
 r - a potion of ambrosia {unknown}
 z - 2 potions of cancellation
 A - 2 potions of degeneration
 B - 3 potions of flight
 G - 2 potions of brilliance {unknown}


   Skills:
 - Level 1.7 Dodging
 - Level 1.7 Stealth
 - Level 10.0 Spellcasting
 + Level 6.3 Conjurations
 - Level 6.7 Translocations


You had 22 spell levels left.
You knew the following spells:

 Your Spells              Type           Power      Damage    Failure   Level
a - Magic Dart            Conj           100%       1d8       1%          1
b - Searing Ray           Conj           100%       2d8       1%          2
c - Iskenderun's Mystic   Conj/Tloc      55%        2d12      3%          4

Your spell library contained the following spells:

 Spells                   Type           Power      Damage    Failure   Level
 Lesser Beckoning         Tloc           100%       N/A       1%          2
 Gell's Gravitas          Tloc           56%        N/A       1%          3
 Teleport Other           Tloc           56%        N/A       1%          3
 Volatile Blastmotes      Fire/Tloc      74%        2d16      3%          3
 Dazzling Flash           Conj/Hex       72%        N/A       4%          3
 Sublimation of Blood     Necr           16%        N/A       8%          2
 Fulminant Prism          Conj/Hex       18%        3d10      14%         4
 Irradiate                Conj/Tmut      18%        3d17      36%         5
 Petrify                  Tmut/Erth      16%        N/A       45%         4
 Lee's Rapid Deconstruct  Erth           8%         3d7*      80%         5
 Chain Lightning          Conj/Air       18%        3d24      100%        9
 Fire Storm               Conj/Fire      18%        8d5       100%        9
 Shatter                  Erth           8%         3d10*     100%        9


Dungeon Overview and Level Annotations

Branches:
Dungeon (8/15)             Temple (0/1) D:4
   Lair: D:8-11

Shops:
D:4 *


Innate Abilities, Weirdness & Mutations

You have an increased reservoir of magic. (+10% MP)
You shall have no god before yourself.
Your divine heritage dramatically boosts your attributes as you level up.


Message History

The wyvern bites you but does no damage.
The wyvern completely misses you.
You closely miss the wyvern.
The wyvern is heavily wounded.
The wyvern bites you but does no damage. x2
You hit the wyvern but do no damage.
The wyvern is heavily wounded.
The wyvern misses you. The wyvern attacks as you move away!
The wyvern misses you. The wyvern barely misses you. The wyvern bites you!
* * * LOW HITPOINT WARNING * * *
You take 10 damage, and have 13/69 hp.
The wyvern attacks as you move away!
The wyvern bites you but does no damage.
The wyvern misses you.
Casting: Searing Ray (safe; 1% risk of failure)
Confirm with . or Enter, or press ? or * to list all spells.
Aiming: Searing Ray (safe; 1% risk of failure)
Press: ? - help, Shift-Dir - straight line, f/p - wyvern
Aim: a wyvern (heavily wounded, 83% to hit)
Okay, then.
Casting: Searing Ray (safe; 1% risk of failure)
Confirm with . or Enter, or press ? or * to list all spells.
Aiming: Magic Dart (safe; 1% risk of failure)
Press: ? - help, Shift-Dir - straight line, f/p - wyvern
Aim: a wyvern (heavily wounded, 100% to hit)
The magic dart hits the wyvern.
The wyvern is severely wounded.
The wyvern barely misses you.
You now have 1/37 mp.
Casting: Magic Dart (safe; 1% risk of failure)
Confirm with . or Enter, or press ? or * to list all spells.
Aiming: Magic Dart (safe; 1% risk of failure)
Press: ? - help, Shift-Dir - straight line, f/p - wyvern
Aim: a wyvern (severely wounded, 100% to hit)
The magic dart hits the wyvern but does no damage.
The wyvern is severely wounded.
The wyvern closely misses you. The wyvern bites you!
You die...

#.# #.#####.#. #.#
####.#. #.#
##...... #.#
#..#..#.
###########.######
#.................
#..##...#....####.
#l###...#....# ##
#@###..##....#####
#......###........
#.....## #...#....
#...### #...#....
#)#### ##.)##...
#.?..#### #..####.
#....l..# ##......
#...o..... ##.....
#...†..... ###...


You could see a wyvern.

Vanquished Creatures
  Maurice (D:8)
  Maggie (D:7)
  5 yaks (D:8)
  3 wyverns
  A steam dragon (D:4)
  Duvessa (D:6)
  An orc warrior (D:8)
  3 sky beasts
  An ice beast (D:7)
  2 ogres
  2 phantoms
  A gnoll sergeant (D:8)
  A kobold brigand (D:8)
  3 bullfrogs
  5 scorpions
  Dowan (D:6)
  A killer bee (D:8)
  2 howler monkeys
  3 gnoll boudas
  3 hounds (D:5)
  3 iron imps (D:6)
  6 orc priests
  Jessica (D:2)
  5 orc wizards
  Natasha (thrice) (D:2)
  3 iguanas
  13 gnolls
  8 adders
  3 shadow imps
  A white imp (D:8)
  2 ufetubi
  2 worms
  A dart slug (D:1)
  31 orcs
  5 bats
  12 endoplasms
  2 giant cockroaches (D:2)
  8 goblins
  6 hobgoblins
  4 quokkas
  10 ball pythons
  4 frilled lizards
  11 kobolds
  3 rats
  A butterfly (D:1)
189 creatures vanquished.

Vanquished Creatures (others)
  5 dream sheep (D:5)
  An ogre (D:5)
6 creatures vanquished.

Grand Total: 195 creatures vanquished

Notes
Turn   | Place    | Note
-------+----------+-------------------------------------------
     0 | D:1      | spardeous the Demigod Conjurer began the quest for the Orb.
     0 | D:1      | Reached XP level 1. HP: 14/14 MP: 5/5
   283 | D:1      | Reached XP level 2. HP: 18/20 MP: 5/7
  1270 | D:2      | Reached XP level 3. HP: 26/26 MP: 8/8
  1459 | D:2      | Reached skill level 5 in Conjurations
  1607 | D:2      | Noticed Jessica
  1613 | D:2      | Killed Jessica
  1614 | D:2      | Reached XP level 4. HP: 33/33 MP: 9/9
  1786 | D:2      | Learned a level 2 spell: Searing Ray
  1830 | D:2      | Noticed Natasha
  1835 | D:2      | Killed Natasha
  1836 | D:2      | Reached skill level 2 in Spellcasting
  2170 | D:2      | Noticed Natasha
  2174 | D:2      | Killed Natasha
  2447 | D:2      | Noticed Natasha
  2453 | D:2      | Killed Natasha
  2454 | D:2      | Reached XP level 5. HP: 36/38 MP: 12/12
  2548 | D:3      | Learned a level 4 spell: Iskenderun's Mystic Blast
  2729 | D:3      | Reached skill level 1 in Translocations
  3761 | D:4      | Found a staircase to the Ecumenical Temple.
  3762 | D:4      | Noticed a steam dragon
  3776 | D:4      | Killed a steam dragon
  3777 | D:4      | Reached XP level 6. HP: 39/45 MP: 13/13
  4134 | D:4      | Found Vunu Dang's General Store.
  4137 | D:4      | Bought a scroll of identify for 20 gold pieces
  4137 | D:4      | Bought a scroll of teleportation for 30 gold pieces
  4137 | D:4      | Bought a potion of flight for 30 gold pieces
  4421 | D:4      | Reached skill level 5 in Translocations
  4421 | D:4      | Reached XP level 7. HP: 50/50 MP: 14/14
  4657 | D:5      | Entered Level 5 of the Dungeon
  4714 | D:5      | Noticed a dream sheep
  4714 | D:5      | Noticed a dream sheep
  4714 | D:5      | Noticed a dream sheep
  4714 | D:5      | Noticed a dream sheep
  4714 | D:5      | Noticed a dream sheep
  4715 | D:5      | Killed a dream sheep
  4718 | D:5      | Killed a dream sheep
  4718 | D:5      | Killed a dream sheep
  4719 | D:5      | Killed a dream sheep
  4720 | D:5      | Killed a dream sheep
  5125 | D:5      | Reached skill level 3 in Spellcasting
  5464 | D:5      | Reached skill level 4 in Spellcasting
  5464 | D:5      | Reached XP level 8. HP: 56/57 MP: 16/17
  6540 | D:6      | Reached skill level 5 in Spellcasting
  6926 | D:6      | Reached skill level 6 in Spellcasting
  7338 | D:6      | Noticed Dowan
  7340 | D:6      | Noticed Duvessa
  7362 | D:6      | Killed Dowan
  7363 | D:6      | Killed Duvessa
  7751 | D:7      | Noticed Maggie
  7762 | D:7      | Reached skill level 7 in Spellcasting
  7776 | D:7      | Killed Maggie
  7777 | D:7      | Reached XP level 9. HP: 18/62 MP: 6/24
  7963 | D:7      | Identified the +1 leather armour of the Wary Stories {rF+
                  | Will++ Str-3 Stlth+}
  8078 | D:7      | Reached skill level 8 in Spellcasting
  8905 | D:8      | Noticed Maurice
  8929 | D:8      | Killed Maurice
  8930 | D:8      | Reached skill level 9 in Spellcasting
  9523 | D:8      | Reached skill level 10 in Spellcasting
  9705 | D:8      | Reached XP level 10. HP: 20/69 MP: 1/28
  9719 | D:8      | Slain by a wyvern

Illustrated notes

Levels and vault maps discovered:
D:1:      spicycebolla_arrival_clurvy, layout_basic,
          hangedman_decor_clover_reticule, chequers_serial_rivers_micro_a
D:2:      layout_loops_cross, hellmonk_ecumenical_altar_heavens_door,
          uniq_jessica, uniq_natasha
D:3:      layout_loops_ring, mainiacjoe_overflow_surrounded_room,
          kennysheep_generic_room_9
D:4:      old_forge, layout_rooms, nicolae_ru_path_of_blood,
          gammafunk_temple_overflow_wave, minmay_temple_entry_drinking_statues,
          serial_shops, nicolae_shop_behind_doors, dk_rats_in_the_wall
D:5:      layout_basic, kennysheep_ying_yang, kb_xom_exploding_sheep
D:6:      layout_rooms, marbit_many_paths, demons_altar, uniq_duvessa
D:7:      layout_gridville, overflow_temple_1_default, uniq_maggie
D:8:      minmay_recursive_quarters, layout_loops_ring, serial_co_window_serial,
          co_window_paths_b, co_window_paths_b, co_window_paths_a,
          co_window_paths_b, co_window_paths_a, co_window_of_opportunity_a,
          co_window_of_opportunity_c, co_window_2corner,
          co_window_of_opportunity_b, co_window_2corner, co_window_paths_d,
          glass_columns_a, glass_columns_b, uniq_maurice

Skill      XL: |  1  2  3  4  5  6  7  8  9 |
---------------+----------------------------+-----
Conjurations   | 4 5 6 |  6.3
Spellcasting   | 2 4 7 10 | 10.0
Translocations | 3 5 6 |  6.7
Dodging        | |  1.7
Stealth        | |  1.7

Action                     |  1- 3 |  4- 6 |  7- 9 | 10-12 || total
---------------------------+-------+-------+-------+-------++-------
  Melee: Unarmed           |     3 |       |       |       ||     3
         Spear             |       |       |     4 |     2 ||     6
   Cast: Magic Dart        |    79 |    81 |   137 |     2 ||   299
         Searing Ray       |       |    17 |    30 |     1 ||    48
         Iskenderun's Myst |       |       |    66 |       ||    66
    Use: Potion            |       |     3 |       |       ||     3
         Scroll            |       |     4 |     5 |       ||     9
 Armour: Robe              |     2 |       |       |       ||     2
         Leather armour    |       |     3 |    15 |     4 ||    22
  Dodge: Dodged            |     5 |    17 |    67 |    11 ||   100
